 Dungeon Crawl Stone Soup version 0.31-a0-441-g867994ef1c (webtiles) character file.

Game seed: 16260780272765976934

107 CraigForest the Cudgeller (level 4, -3/45 HPs)
             Began as a Troll Berserker on Aug 2, 2023.
             Was a Believer of Trog.
             Slain by a gnoll
             ... wielding a +0 spear
              (6 damage)
             ... on level 3 of the Dungeon.
             The game lasted 00:03:49 (1376 turns).

CraigForest the Cudgeller (Troll Berserker)         Turns: 1376, Time: 00:03:50

Health: -3/45      AC:  4    Str: 27    XL:     4   Next: 57%
Magic:  3/3        EV: 10    Int:  3    God:    Trog [**....]
Gold:   100        SH:  0    Dex:  9    Spells: 3/3 levels left

rFire   . . .        a - +0 mace
rCold   . . .        (no shield)
rNeg    . . .        b - +0 animal skin
rPois   .            (helmet restricted)
rElec   .            (no cloak)
rCorr   .            (gloves unavailable)
SInv    .            (boots unavailable)
Will    .....        (no amulet)
Stlth   +            (no ring)
HPRegen 1.07/turn    (no ring)
MPRegen 0.08/turn

%: no passive effects
@: no status effects
A: large, unfitting armour, claws 3, regeneration 1, shaggy fur 1, tough skin 1
a: Renounce Religion, Berserk, Trog's Hand


You were on level 3 of the Dungeon.
You worshipped Trog.
Trog was pleased with you.
You visited 1 branch of the dungeon, and saw 3 of its levels.

You collected 100 gold pieces.

Inventory:

Hand Weapons
 a - a +0 mace (weapon)
Missiles
 e - 4 poisoned darts
Armour
 b - a +0 animal skin (worn)
Jewellery
 h - an amulet of magic regeneration
Scrolls
 c - a scroll of teleportation {unknown}
 f - a scroll of brand weapon {unknown}
 i - 2 scrolls of enchant weapon {unknown}
Potions
 d - a potion of haste {unknown}
 g - 3 potions of curing {unknown}
 j - a potion of attraction {unknown}


   Skills:
 + Level 3.1 Fighting
 + Level 3.7 Maces & Flails
 + Level 3.2 Dodging


You had 3 spell levels left.
You didn't know any spells.
Your spell library was empty.

Dungeon Overview and Level Annotations

Branches:
Dungeon (3/15)

Altars:

Shops:
D:2 =

Annotations:
D:3 Jessica


Innate Abilities, Weirdness & Mutations

You are too large for most types of armour.
You have claws for hands.
Your natural rate of healing is unusually fast.
You are covered in fur. (AC +1)
You have tough skin. (AC +1)


Message History

The gnoll is almost dead.
The gnoll hits you from afar with a +0 spear.
The gnoll closely misses you. The gnoll barely misses you.
The gnoll hits you with a +0 flail.
You barely miss the gnoll.
The gnoll is almost dead.
The gnoll barely misses you.
The gnoll hits you from afar with a +0 spear.
You completely miss the gnoll.
The gnoll is almost dead.
The gnoll hits you from afar with a +0 spear.
The gnoll hits you with a +0 flail!
* * * LOW HITPOINT WARNING * * *
You hit the gnoll.
You kill the gnoll!
Trog accepts your kill. The gnoll barely misses you.
Jessica gestures wildly.
Found a robe.
You hit the hobgoblin but do no damage.
The gnoll hits you from afar with a +0 spear.
The hobgoblin closely misses you. The hobgoblin closely misses you.
The hobgoblin completely misses you.
You hit the gnoll but do no damage.
Jessica is no longer moving quickly.
The gnoll hits you with a +0 whip.
The gnoll hits you from afar with a +0 spear.
The hobgoblin hits you. Jessica says, "Why did you come here?"
The gnoll hits you with a +0 whip.
* * * LOW HITPOINT WARNING * * *
The hobgoblin hits you but does no damage.
The gnoll hits you from afar with a +0 spear!
* * * LOW HITPOINT WARNING * * *
You hit the gnoll.
The gnoll is moderately wounded.
The hobgoblin hits you.
* * * LOW HITPOINT WARNING * * *
The gnoll hits you from afar with a +0 spear.
You die...

########...########
##.....>...........#
#####...#####...######.#
.....[#...@.g...#
####..K#####..##
......#.g####..#
#####..@g#.....#
##.#g#@##.## #.#@#)##...
#.#g#.##.##.. #....g##.#
## #.##...#.# #. #.#...#
# #...### ...## #.#.# #.
g#


You could see 3 gnolls, Jessica, a hobgoblin and a kobold.

Vanquished Creatures
  5 gnolls
  2 adders (D:2)
  A dart slug (D:1)
  A ball python (D:2)
  A bat (D:1)
  4 endoplasms (D:1)
  2 giant cockroaches (D:1)
  3 goblins (D:1)
  6 hobgoblins
  4 jackals (D:1)
  4 quokkas
  3 frilled lizards
  2 kobolds (D:1)
38 creatures vanquished.

Notes
Turn   | Place    | Note
-------+----------+-------------------------------------------
     0 | D:1      | CraigForest the Troll Berserker began the quest for the
                  | Orb.
     0 | D:1      | Reached XP level 1. HP: 22/22 MP: 0/0
   155 | D:1      | Reached XP level 2. HP: 29/29 MP: 1/1
   345 | D:1      | Reached XP level 3. HP: 36/36 MP: 2/2
   370 | D:1      | Reached ** piety under Trog
   792 | D:2      | Found Dering's Jewellery Shoppe.
   912 | D:2      | Reached XP level 4. HP: 39/44 MP: 3/3
  1211 | D:2      | Found a faded altar of an unknown god.
  1343 | D:3      | Noticed Jessica
  1376 | D:3      | Slain by a gnoll

Illustrated notes

Levels and vault maps discovered:
D:1:      lightli_arrival_windingriver, layout_rooms
D:2:      layout_loops_corners, serial_shops, shop,
          shapermc_ecumenical_altar_mp_vishouse
D:3:      layout_loops_ring, serial_shops, shop, shop,
          nicolae_shop_gaudy_bauble, uniq_jessica

Skill      XL: |  1  2  3  4 |
---------------+-------------+-----
Maces & Flails | 3 |  3.7
Dodging        | 3 |  3.2
Fighting       | 3 |  3.1

Action                     |  1- 3 |  4- 6 || total
---------------------------+-------+-------++-------
  Melee: Mace              |   130 |    33 ||   163
         Punch             |     2 |     2 ||     4
 Armour: Animal skin       |    53 |     5 ||    58
  Dodge: Dodged            |    96 |    27 ||   123

Table legend: (Time is in decaauts)
 A = Elapsed time spent in this place.
 B = Non-inter-level travel time spent in this place.
 C = Inter-level travel time spent in this place.
 D = Time resting spent in this place.
 E = Time spent auto-exploring this place.
 F = Levels seen in this place.
 G = Mean time per level.
                   A        B        C        D        E       F      G
               +--------+--------+--------+--------+--------+-----+--------+
         Total |   1414 |   1392 |     22 |      0 |    996 |   3 |  471.3 |
       Dungeon |   1414 |   1392 |     22 |      0 |    996 |   3 |  471.3 |
               +--------+--------+--------+--------+--------+-----+--------+

Top non-repeatable levels by time:
     D:2: 805 daAuts
     D:1: 548 daAuts
     D:3: 60 daAuts
